 Dungeon Crawl Stone Soup version 0.32-a0-630-g46d191b0ed (console) character file.

Game seed: 18157576219901504749

75 jejorda2 the Trooper (level 4, 0/55 HPs)
             Began as a Coglin Berserker on Mar 6, 2024.
             Was a Follower of Trog.
             Slain by an adder (1 damage)
             ... on level 3 of the Dungeon.
             The game lasted 00:03:27 (1694 turns).

jejorda2 the Trooper (Coglin Berserker)             Turns: 1694, Time: 00:03:28

Health: 0/55       AC:  6    Str: 20    XL:     4   Next: 31%
Magic:  4/4        EV: 10    Int:  6    God:    Trog [*.....]
Gold:   71         SH:  0    Dex: 13    Spells: 3/3 levels left

rFire   . . .        a - +0 spear {Kammani}
rCold   . . .        l - +0 spear {Jihoo}
rNeg    . . .        h - +0 scale mail
rPois   .            (no helmet)
rElec   .            (no cloak)
rCorr   .            (no gloves)
SInv    .            (no boots)
Will    .....        (amulet unavailable) Stlth
                     (ring unavailable)
HPRegen 0.29/turn    (ring unavailable)
MPRegen 0.09/turn    (no gizmo)

%: no passive effects
@: berserking, revving, very quick
A: off-hand wielding, slow wielding, warmup strikes, no jewellery
a: Invent Gizmo, Renounce Religion, Berserk


You were on level 3 of the Dungeon.
You worshipped Trog.
Trog was aware of your devotion.
You visited 1 branch of the dungeon, and saw 3 of its levels.

You collected 101 gold pieces.
You spent 30 gold pieces at shops.

Inventory:

Hand Weapons
 a - a +0 spear (weapon) {Kammani}
 c - the +5 dagger of Paper {venom, rPois rF++ Will-}
   (You found it on level 3 of the Dungeon)

   rF++:      It greatly protects you from fire.
   rPois:     It protects you from poison.
   Will-:     It decreases your willpower.
 l - a +0 spear (offhand) {Jihoo}
Missiles
 k - 5 boomerangs (quivered)
Armour
 h - a +0 scale mail (worn)
Scrolls
 b - a scroll of identify {unknown}
 d - a scroll of enchant armour {unknown}
 f - a scroll of revelation {unknown}
 g - 2 scrolls of teleportation
 i - a scroll of blinking {unknown}
Potions
 e - 2 potions of heal wounds {unknown}
 j - 2 potions of curing {unknown}
 m - a potion of attraction {unknown}


   Skills:
 + Level 4.1 Fighting
 + Level 3.7 Polearms
 - Level 1.7 Armour
 - Level 1.7 Dodging


You had 3 spell levels left.
You didn't know any spells.
Your spell library was empty.

Dungeon Overview and Level Annotations

Branches:
Dungeon (3/15)

Altars:

Shops:
D:1 ?


Innate Abilities, Weirdness & Mutations

You can wield a second weapon in your off-hand.
It takes a long time for you to wield or remove held weapons.
Your first few attacks do less damage.
You cannot equip rings or amulets.


Message History

You hit the bombardier beetle with your +0 spear.
The bombardier beetle is heavily wounded.
You barely miss the bombardier beetle with your +0 spear.
The liquid fire burns you! The adder barely misses you.
You hit the bombardier beetle with your +0 spear.
The bombardier beetle is severely wounded.
You hit the bombardier beetle with your +0 spear.
The liquid fire burns you! The adder bites you but does no damage.
The bombardier beetle sprays incendiary fluid at you.
The burning spray hits you.
You are even more covered in liquid fire!
You shake off some of the fire as you move.
The liquid fire burns you!
You shake off some of the fire as you move.
The liquid fire burns you!
* * * LOW HITPOINT WARNING * * *
The adder bites you but does no damage.
You see here 4 gold pieces.
You shake off some of the fire as you move.
The liquid fire burns you!
* * * LOW HITPOINT WARNING * * *
The adder attacks as it pursues you! The adder barely misses you.
You shake off some of the fire as you move.
The liquid fire burns you!
* * * LOW HITPOINT WARNING * * *
The adder attacks as it pursues you! The adder closely misses you.
You shake off the liquid fire.
You see here a giant cockroach corpse.
The adder attacks as it pursues you! The adder barely misses you.
The adder closely misses you.
Okay, then.
A red film seems to cover your vision as you go berserk!
You feel yourself moving faster!
You feel mighty! The adder bites you.
* * * LOW HITPOINT WARNING * * *
You hit the adder with your +0 spear.
The adder is heavily wounded.
You miss the adder with your +0 spear. The adder bites you.
You die...

####.........##.>....#
#.
.................#####
..## #.##.........###.#
.... # ###.......## #.
....###.####.....##
......#.##.....######..
.......................
.........#.#.#.######...
....<.........rS@.......
...........#B######.....
.........#..B.#### ###
..#...........)..#
.....................
...................#.
................#...
.................# ..
....#.......# .


You could see a bombardier beetle, an adder and a quokka.

Vanquished Creatures
  3 adders (D:2)
  2 ribbon worms (D:2)
  4 endoplasms
  3 giant cockroaches
  5 hobgoblins
  6 jackals (D:2)
  3 kobolds (D:2)
  2 quokkas (D:1)
  4 bats
  2 frilled lizards (D:1)
  4 goblins
  4 rats
42 creatures vanquished.

Notes
Turn   | Place    | Note
-------+----------+-------------------------------------------
     0 | D:1      | jejorda2 the Coglin Berserker began the quest for the Orb.
     0 | D:1      | Reached XP level 1. HP: 18/18 MP: 1/1
   308 | D:1      | Reached XP level 2. HP: 23/24 MP: 2/2
   351 | D:1      | Found Kieckifo's Magic Scroll Shop.
   369 | D:1      | Bought a scroll of teleportation for 30 gold pieces
   863 | D:1      | Found a faded altar of an unknown god.
  1001 | D:2      | Reached XP level 3. HP: 27/29 MP: 3/3
  1168 | D:2      | Reached XP level 4. HP: 35/37 MP: 4/4
  1172 | D:2      | Reached skill level 4 in Fighting
  1228 | D:2      | Identified the +0 leather armour of Autumn {+Blink Int+4
                  | SInv}
  1646 | D:3      | Identified the +5 dagger of Paper {venom, rPois rF++ Will-}
  1693 | D:3      | HP: 1/55 [adder (3)]
  1694 | D:3      | Slain by an adder

Illustrated notes

Levels and vault maps discovered:
D:1:      spicycebolla_arrival_clurvy, layout_basic,
          shapermc_ecumenical_altar_acropolis, serial_shops, shop_fountains,
          eino_curves_01
D:2:      layout_rooms, supply_closet_lemuel,
          nicolae_concentric_dashed_squares_wild
D:3:      kennysheep_goblin_castle, layout_rooms, mainiacjoe_overflow_catwalk

Skill      XL: |  1  2  3  4 |
---------------+-------------+-----
Polearms       | 3 |  3.7
Fighting       | 4 |  4.1
Armour         | |  1.7
Dodging        | |  1.7

Action                     |  1- 3 |  4- 6 || total
---------------------------+-------+-------++-------
  Melee: Spear             |    91 |    77 ||   168
         Dagger            |    73 |     7 ||    80
 Invoke: Berserk           |     1 |     1 ||     2
 Armour: Scale mail        |    40 |    21 ||    61
         Animal skin       |     2 |       ||     2
  Dodge: Dodged            |    40 |    18 ||    58

Table legend: (Time is in decaauts)
 A = Elapsed time spent in this place.
 B = Non-inter-level travel time spent in this place.
 C = Inter-level travel time spent in this place.
 D = Time resting spent in this place.
 E = Time spent auto-exploring this place.
 F = Levels seen in this place.
 G = Mean time per level.
                   A        B        C        D        E       F      G
               +--------+--------+--------+--------+--------+-----+--------+
         Total |   1693 |   1568 |    125 |     19 |   1225 |   3 |  564.3 |
       Dungeon |   1693 |   1568 |    125 |     19 |   1225 |   3 |  564.3 |
               +--------+--------+--------+--------+--------+-----+--------+

Top non-repeatable levels by time:
     D:1: 986 daAuts
     D:2: 624 daAuts
     D:3: 83 daAuts
